 Dungeon Crawl Stone Soup version 0.30-a0-540-g0af01429fa (webtiles) character file.

Game seed: 1788466175764769944

336 hikkokomori the Trooper (level 6, -7/48 (53) HPs)
             Began as a Demigod Gladiator on Dec 25, 2022.
             Killed by nerve-wracking pain
             ... invoked by an orc priest
              (10 damage)
             ... on level 4 of the Dungeon.
             The game lasted 00:06:44 (3355 turns).

hikkokomori the Trooper (Demigod Gladiator)         Turns: 3355, Time: 00:06:44

HP:   -7/48 (53)    AC:  6    Str: 21    XL:     6   Next: 6%
MP:   8/8           EV: 13    Int: 10    God:
Gold: 222           SH:  0    Dex: 23    Spells: 5/5 levels left

rFire   . . .      SeeInvis .    r - +0 longbow
rCold   . . .      Faith    .    (shield currently unavailable)
rNeg    . . .      Spirit   .    b - +0 leather armour
rPois   .          Reflect  .    c - +0 helmet
rElec   .          Harm     .    u - +0 cloak
rCorr   .          Rampage  .    m - +0 pair of gloves
Will    .....                    (no boots)
Stlth   ++                       (no amulet)
HPRegen 0.28/turn                l - +6 ring of strength
MPRegen 0.11/turn                (no ring)

@: drained
A: high MP 1, forlorn, divine attributes
a: no special abilities


You were on level 4 of the Dungeon.
You visited 1 branch of the dungeon, and saw 4 of its levels.

You collected 222 gold pieces.

Inventory:

Hand Weapons
 a - a +0 long sword
 r - a +0 longbow (weapon)
Missiles
 d - 3 throwing nets
 e - a javelin
 g - 6 silver javelins
Armour
 b - a +0 leather armour (worn)
 c - a +0 helmet (worn)
 m - a +0 pair of gloves (worn)
 u - a +0 cloak (worn)
 v - a +0 chain mail
Jewellery
 l - a +6 ring of strength (left hand)
Scrolls
 k - a scroll of noise {unknown}
 n - a scroll of enchant weapon {unknown}
 o - a scroll of blinking {unknown}
 p - a scroll of amnesia {unknown}
 s - a scroll of silence {unknown}
 w - a scroll of fear {unknown}
 x - a scroll of magic mapping {unknown}
Potions
 f - a potion of ambrosia {unknown}
 h - 4 potions of curing {unknown}
 i - a potion of lignification {unknown}
 j - a potion of might
 q - 3 potions of flight {unknown}
 t - a potion of brilliance {unknown}


   Skills:
 + Level 4.5 Fighting
 - Level 2.6 Long Blades
 + Level 2.7 Ranged Weapons
 - Level 3.2 Throwing
 - Level 2.6 Dodging


You had 5 spell levels left.
You didn't know any spells.
Your spell library contained the following spells:

 Spells                   Type           Power      Damage    Failure   Level
 Magic Dart               Conj           0%         1d3       41%         1
 Searing Ray              Conj           0%         2d4       54%         2
 Ignite Poison            Fire/Tmut/Pois 0%         N/A       78%         3
 Kindle Blastsparks       Fire/Tloc/Air  0%         2d10      78%         3
 Fulminant Prism          Conj/Hex       0%         3d5       99%         4
 Freezing Cloud           Conj/Ice/Air   0%         6-21      100%        5


Dungeon Overview and Level Annotations

Branches:
Dungeon (4/15)
 Temple: D:4-7

Shops:
D:1 !   D:3 *


Innate Abilities, Weirdness & Mutations

You have an increased reservoir of magic. (+10% MP)
You shall have no god before yourself.
Your divine heritage dramatically boosts your attributes as you level up.


Message History

You don't know any spells.
Fire: r) +0 longbow
Press: ? - help, Shift-Dir - straight line, f/p - orc priest
Aim: an orc priest, wielding a +0 trident and wearing a +3 leather armour (severely wounded, 64% to hit)
You shoot an arrow.
The arrow hits the orc priest but does no damage.
The orc priest is severely wounded.
The orc priest looks encouraged for a moment.
Unknown command.
Fire: r) +0 longbow
Press: ? - help, Shift-Dir - straight line, f/p - orc priest
Aim: an orc priest, wielding a +0 trident and wearing a +3 leather armour (severely wounded, 64% to hit)
You shoot an arrow.
The arrow closely misses the orc priest.
The orc priest barely misses you.
The orc priest hits you from afar with a +0 trident.
* * * LOW HITPOINT WARNING * * *
Unknown command.
Fire: r) +0 longbow
Press: ? - help, Shift-Dir - straight line, f/p - orc priest
Aim: an orc priest, wielding a +0 trident and wearing a +3 leather armour (severely wounded, 64% to hit)
You shoot an arrow. The arrow barely misses the orc priest.
The orc priest casts a cantrip, but nothing happens.
Unknown command.
Fire: r) +0 longbow
Press: ? - help, Shift-Dir - straight line, f/p - orc priest
Aim: an orc priest, wielding a +0 trident and wearing a +3 leather armour (severely wounded, 64% to hit)
You shoot an arrow.
The arrow closely misses the orc priest.
The orc priest hits you from afar with a +0 trident.
* * * LOW HITPOINT WARNING * * *
The orc priest hits you but does no damage.
Unknown command.
Fire: r) +0 longbow
Press: ? - help, Shift-Dir - straight line, f/p - orc priest
Aim: an orc priest, wielding a +0 trident and wearing a +3 leather armour (severely wounded, 64% to hit)
You shoot an arrow. The arrow barely misses the orc priest.
The orc priest mumbles some strange prayers to Beogh against you.
Pain shoots through your body!
You die...

...# .#.# ### ##
#### #.. . #.#
#..##. ..# #.#.. #
### .... .# #..# ...
#..## ..# #@.#..#
##....# ##..#o.#
###..###.# ##...##
#.# #### ##....##
...
##..######......###
..#
....##.....)........
..
......#.....##......


You could see an orc priest.

Vanquished Creatures
  A necrophage (D:4)
  A hound (D:3)
  2 orc wizards
  Natasha (twice) (D:3)
  5 adders
  2 worms (D:2)
  4 dart slugs
  4 orcs
  7 endoplasms
  7 giant cockroaches
  7 goblins
  6 hobgoblins
  A jackal (D:2)
  8 kobolds
  4 quokkas
  6 ball pythons
  7 bats
  2 frilled lizards
  6 rats
82 creatures vanquished.

Vanquished Creatures (others)
  Natasha (D:3)
  A ball python (D:3)
2 creatures vanquished.

Grand Total: 84 creatures vanquished

Notes
Turn   | Place    | Note
-------+----------+-------------------------------------------
     0 | D:1      | hikkokomori the Demigod Gladiator began the quest for the
                  | Orb.
     0 | D:1      | Reached XP level 1. HP: 17/17 MP: 3/3
   118 | D:1      | Found Qecvieny's Distillery.
   131 | D:1      | Reached skill level 2 in Fighting
   392 | D:1      | Reached XP level 2. HP: 21/24 MP: 4/4
   952 | D:2      | Reached XP level 3. HP: 30/30 MP: 5/5
  1224 | D:2      | Reached skill level 3 in Fighting
  1922 | D:3      | Found Vugesel's General Store.
  1927 | D:3      | Reached XP level 4. HP: 38/38 MP: 6/6
  2018 | D:3      | Noticed Natasha
  2025 | D:3      | Killed Natasha
  2087 | D:3      | Reached skill level 1 in Ranged Weapons
  2156 | D:3      | Killed Natasha
  2349 | D:3      | Noticed Natasha
  2359 | D:3      | Killed Natasha
  2360 | D:3      | Reached XP level 5. HP: 46/46 MP: 7/7
  2629 | D:4      | Noticed a black bear
  2703 | D:3      | HP: 2/46 [orc wizard/+0 dagger (1)]
  2708 | D:3      | Reached skill level 4 in Fighting
  3197 | D:4      | Reached XP level 6. HP: 28/48 MP: 8/8
  3354 | D:4      | HP: 2/48 [orc priest/+0 trident (4)]
  3355 | D:4      | Killed from afar by an orc priest

Illustrated notes

Levels and vault maps discovered:
D:1:      lightli_arrival_statue_moat, layout_basic, serial_shops,
          shop_fountains
D:2:      layout_loops_ring, hellmonk_ecumenical_altar_blasted
D:3:      minmay_door_path, layout_rooms, xom_confusion_cloud,
          nicolae_tso_carved_into_rock, serial_shops, shop,
          amcnicky_mini_rare_corridor_liquid, dreamdust_wishing_well,
          uniq_natasha
D:4:      layout_layer_cave

Skill      XL: |  1  2  3  4  5 |
---------------+----------------+-----
Fighting       | 2 3 4 |  4.5
Throwing       | 2 3 |  3.2
Ranged Weapons | 1 2 |  2.7
Long Blades    | |  2.6
Dodging        | |  2.6

Action                   |  1- 3 |  4- 6 || total
-------------------------+-------+-------++-------
Melee: Long sword        |   132 |    17 ||   149
       Punch             |     3 |       ||     3
 Fire: Longbow           |       |   129 ||   129
  Use: Potion            |       |     1 ||     1
 Stab: Sleeping          |     2 |     1 ||     3
Armor: Leather armour    |    53 |    51 ||   104
Dodge: Dodged            |   121 |   101 ||   222

Table legend: (Time is in decaauts)
 A = Elapsed time spent in this place.
 B = Non-inter-level travel time spent in this place.
 C = Inter-level travel time spent in this place.
 D = Time resting spent in this place.
 E = Time spent auto-exploring this place.
 F = Levels seen in this place.
 G = Mean time per level.
                   A        B        C        D        E       F      G
               +--------+--------+--------+--------+--------+-----+--------+
         Total |   3479 |   3231 |    248 |    328 |   2146 |   4 |  869.8 |
       Dungeon |   3479 |   3231 |    248 |    328 |   2146 |   4 |  869.8 |
               +--------+--------+--------+--------+--------+-----+--------+

Top non-repeatable levels by time:
     D:3: 1151 daAuts
     D:2: 1006 daAuts
     D:1: 900 daAuts
     D:4: 420 daAuts
